AoeStats
← dean03110206

Black Forest

504463873Analyzed
4v4 RM · 26d ago on Sep 5, 2026· 59m 51s· 8 players
Game mode
Random Map
Map size
Large (8 player)
Population
200
Speed
Normal
Resources
Standard
Victory
Conquest
Starting age
Dark Age
Ending age
Imperial Age
RankedLock teamsTeams togetherTeam positionsShared explorationLock speedFull tech treeHidden civsTurbo modeCheats
Victory
Defeat
🇷🇺 Bulgarians · Russia
1060
+14
🇨🇳 Portuguese · China
1038
+38
🇨🇳 Britons · China
1036
+15
🇹🇼 Celts · Taiwan
1028
+16
🇨🇳 Magyars · China
1052
-16
🇨🇦 Bohemians · Canada
1038
-16
1000
-42
🇹🇷 Huns · Türkiye
990
-14
dean03110206
0:27 Loom
14:15 Feudal Age
16:47 Wheelbarrow
18:43 Castle Age
17:58 Double-Bit Axe
18:29 Horse Collar
28:05 Hand Cart
30:03 Forging
29:53 Scale Mail Armor
30:02 Heavy Plow
30:25 Bow Saw
30:36 Gold Mining
30:37 Stone Mining
30:50 Caravan
31:28 Iron Casting
31:09 Chain Mail Armor
34:19 Imperial Age
31:43 Fletching
33:36 Town Watch
33:21 Pikeman
33:47 Gambesons
33:47 Arson
34:54 Heavy Scorpion
34:54 Onager
34:55 Capped Ram
37:32 Fortified Wall
38:23 Chemistry
37:29 Siege Engineers
37:35 Masonry
39:43 Bodkin Arrow
40:46 Furor Celtica
40:37 Halberdier
41:11 Siege Ram
42:47 Siege Onager
44:54 Plate Mail Armor
45:25 Blast Furnace
45:47 Coinage
48:36 Man-at-Arms
49:28 Long Swordsman
50:33 Padded Archer Armor
50:56 Two-Handed Swordsman
52:25 Champion
sybertuk
1:37 Loom
1:51 Loom
13:50 Feudal Age
14:43 Horse Collar
18:00 Castle Age
16:38 Double-Bit Axe
19:27 Bow Saw
22:52 Wheelbarrow
24:29 Gold Mining
26:34 Town Watch
27:05 Hand Cart
26:50 Stone Mining
27:21 Heavy Plow
33:30 Imperial Age
32:12 Scale Barding Armor
32:25 Bloodlines
33:11 Chain Barding Armor
33:05 Forging
32:46 Fletching
33:21 Stirrups
33:30 Husbandry
34:49 Plate Barding Armor
34:51 Iron Casting
34:48 Capped Ram
35:04 Elite Konnik
36:05 Conscription
35:43 Gambesons
35:59 Squires
35:45 Arson
36:43 Masonry
36:57 Ballistics
37:39 Blast Furnace
38:15 Scale Mail Armor
39:13 Chain Mail Armor
38:43 Siege Ram
40:34 Plate Mail Armor
40:00 Bodkin Arrow
41:07 Chemistry
40:04 Murder Holes
41:44 Pikeman
46:19 Caravan
47:08 Halberdier
Yirui
12:57 Feudal Age
14:02 Double-Bit Axe
13:58 Horse Collar
16:50 Castle Age
18:07 Heavy Plow
18:18 Bow Saw
20:36 Loom
25:14 Stone Mining
26:18 Wheelbarrow
26:04 Gold Mining
27:44 Hand Cart
29:27 Gold Shaft Mining
28:55 Fletching
29:07 Padded Archer Armor
32:16 Imperial Age
29:34 Town Watch
29:50 Bodkin Arrow
30:59 Leather Archer Armor
31:09 Ballistics
30:33 Treadmill Crane
30:48 Pikeman
31:28 Squires
31:30 Scale Mail Armor
31:45 Forging
31:59 Masonry
32:42 Chain Mail Armor
33:19 Iron Casting
32:53 Town Patrol
32:58 Bracer
32:23 Elite Longbowman
33:29 Conscription
34:20 Ring Archer Armor
34:53 Siege Engineers
35:52 Chemistry
35:32 Warwolf
36:28 Plate Mail Armor
37:02 Blast Furnace
36:26 Siege Engineers
37:50 Hoardings
38:20 Two-Man Saw
38:04 Architecture
38:35 Yeomen
38:41 Arrowslits
40:52 Halberdier
42:24 Murder Holes
44:49 Arson
47:23 Coinage
50:02 Banking
小河坂梦
9:53 Loom
11:59 Feudal Age
15:29 Castle Age
19:44 Imperial Age
18:25 Double-Bit Axe
19:10 Stone Mining
20:28 Gold Mining
21:07 Town Watch
21:18 Town Watch
22:43 Guilds
25:15 Wheelbarrow
25:57 Chemistry
25:52 Ballistics
26:35 Treadmill Crane
28:51 Bombard Tower
28:28 Fletching
29:05 Fervor
28:50 Herbal Medicine
29:16 Sanctity
28:58 Devotion
29:43 Conscription
30:55 Wheelbarrow
30:22 Town Patrol
30:29 Bodkin Arrow
30:35 Murder Holes
32:00 Arquebus
32:40 Stone Shaft Mining
33:26 Siege Engineers
33:32 Masonry
35:47 Coinage
35:50 Architecture
35:31 Fortified Wall
36:47 Banking
36:48 Elite Organ Gun
42:19 Hand Cart
Rage of Khorne
0:52 Loom
13:47 Feudal Age
14:17 Double-Bit Axe
14:15 Horse Collar
20:16 Castle Age
22:27 Bow Saw
22:21 Heavy Plow
22:49 Fervor
27:20 Wheelbarrow
29:20 Hand Cart
32:50 Imperial Age
32:01 Chemistry
32:17 Pikeman
32:57 Squires
32:43 Arson
33:37 Forging
33:28 Scale Mail Armor
33:34 Scale Barding Armor
33:19 Fletching
33:30 Padded Archer Armor
34:16 Ballistics
33:36 Treadmill Crane
35:03 Two-Man Saw
34:28 Conscription
33:32 Halberdier
35:29 Wagenburg Tactics
37:56 Masonry
37:42 Murder Holes
37:59 Fortified Wall
37:36 Arrowslits
40:23 Elite Hussite Wagon
41:57 Architecture
41:32 Siege Engineers
41:23 Murder Holes
42:33 Capped Ram
44:50 Houfnice
Q力山大一世
10:37 Feudal Age
14:56 Castle Age
12:48 Horse Collar
15:03 Double-Bit Axe
21:25 Wheelbarrow
25:18 Hand Cart
29:40 Imperial Age
26:56 Town Watch
27:21 Gold Mining
27:22 Stone Mining
27:37 Loom
28:15 Scale Barding Armor
28:30 Town Patrol
29:15 Heavy Plow
29:28 Bow Saw
29:49 Chain Barding Armor
29:20 Fletching
29:31 Padded Archer Armor
30:15 Gold Shaft Mining
31:08 Crop Rotation
31:42 Two-Man Saw
31:36 Plate Barding Armor
30:57 Bodkin Arrow
30:49 Treadmill Crane
31:55 Leather Archer Armor
34:16 Chemistry
34:02 Conscription
33:43 Corvinian Army
34:07 Bloodlines
33:57 Husbandry
34:01 Bracer
34:39 Siege Engineers
34:55 Ballistics
35:08 Ring Archer Armor
34:11 Elite Magyar Huszar
35:16 Masonry
35:08 Heavy Cavalry Archer
36:13 Parthian Tactics
35:54 Thumb Ring
36:41 Recurve Bow
38:18 Caravan
41:21 Herbal Medicine
41:27 Light Cavalry
44:04 Elite Skirmisher
46:02 Hoardings
Kötükediserooo
14:40 Feudal Age
15:01 Horse Collar
15:13 Gold Mining
15:13 Stone Mining
15:12 Double-Bit Axe
20:48 Castle Age
20:04 Forging
19:45 Fletching
19:57 Scale Mail Armor
20:33 Padded Archer Armor
20:59 Scale Barding Armor
23:47 Caravan
24:20 Bow Saw
24:32 Heavy Plow
25:54 Coinage
26:26 Gold Shaft Mining
26:18 Bodkin Arrow
27:25 Bloodlines
27:25 Husbandry
28:26 Chain Mail Armor
28:35 Chain Barding Armor
29:42 Iron Casting
33:30 Imperial Age
31:37 Wheelbarrow
32:03 Marauders
34:18 Leather Archer Armor
34:37 Conscription
34:56 Plate Barding Armor
36:20 Two-Man Saw
35:48 Elite Tarkan
39:33 Blast Furnace
超车打双闪,左右都能转
11:37 Feudal Age
14:34 Double-Bit Axe
15:59 Horse Collar
18:35 Castle Age
17:19 Fletching
17:30 Padded Archer Armor
17:36 Stone Mining
17:43 Gold Mining
23:25 Forging
25:54 Wheelbarrow
25:04 Town Watch
25:05 Loom
27:15 Hand Cart
29:36 Caravan
30:07 Coinage
30:14 Silk Road
33:20 Imperial Age
30:56 Town Patrol
33:10 Ballistics
33:03 Masonry
32:49 Murder Holes
32:34 Treadmill Crane
33:05 Fortified Wall
32:46 Guard Tower
34:24 Heavy Plow
34:37 Bow Saw
35:05 Stone Shaft Mining
33:55 Elite Genoese Crossbowman
35:11 Hoardings
34:48 Pirotechnia
34:59 Conscription
38:40 Pikeman
39:20 Squires
39:06 Arson
39:17 Onager
41:45 Guilds
42:06 Banking
42:05 Thumb Ring
43:05 Chemistry
41:51 Arrowslits
42:41 Keep
42:37 Architecture
41:57 Heated Shot
43:18 Leather Archer Armor
42:59 Bodkin Arrow
43:06 Scale Mail Armor
43:42 Iron Casting
42:37 Elite Skirmisher
44:23 Pirotechnia
44:34 Conscription
47:48 Bombard Tower
48:03 Ring Archer Armor
47:33 Bracer
48:34 Blast Furnace
47:49 Chain Mail Armor
48:28 Hoardings
Connection lost

Rejoining the realm…

Still unreachable

The connection could not be restored.

Session expired

The server has moved on; the page needs a fresh start.